 Dungeon Crawl Stone Soup version 0.13.0-17-g5f0e85f (webtiles) character file.

327 MDvedh the Ducker (level 6, -5/41 HPs)
             Began as a Merfolk Ice Elementalist on Oct 21, 2013.
             Was an Initiate of Okawaru.
             Killed from afar by an orc wizard (7 damage)
             ... with a puff of flame
             ... on Level 4 of the Dungeon.
             The game lasted 00:20:21 (5119 turns).

MDvedh the Ducker (Merfolk Ice Elementalist)        Turns: 5119, Time: 00:20:21

HP  -5/41        AC  3     Str  8      XL: 6   Next:  4%
MP  11/11        EV 15     Int 15      God: Okawaru [......]
Gold 95          SH  0     Dex 16      Spells:  3 memorised,  1 level left

Res.Fire  : . . .   See Invis. : .   q - +0 trident
Res.Cold  : + . .   Warding    : .   a - +0 robe
Life Prot.: . . .   Conserve   : .   (no shield)
Res.Poison: .       Res.Corr.  : .   (no helmet)
Res.Elec. : .       Clarity    : .   (no cloak)
Sust.Abil.: . .     Spirit.Shd : .   l - +0 pair of orc gauntlets
Res.Mut.  : .       Stasis     : .   (no boots)
Res.Rott. : .       Flight     : .   (no amulet)
Saprovore : . . .                    (no ring)
                                     u - ring of protection from cold

@: slightly resistant to hostile enchantments, fairly stealthy
A: change form in water, swift swim, wild magic 1
a: Renounce Religion


You were on level 4 of the Dungeon.
You worshipped Okawaru.
Okawaru was noncommittal.
You were not hungry.

You visited 2 branches of the dungeon, and saw 5 of its levels.

You collected 159 gold pieces.
You spent 84 gold pieces at shops.

Inventory:

Hand weapons
 f - a +2,+1 dwarven hand axe
 g - a -1,-2 elven short sword
 h - a +0,+0 elven short sword
 o - a cursed -1,+0 hand axe (quivered)
 q - a +0,+0 trident (weapon)
Missiles
 e - 20 stones
 k - 6 javelins
Armour
 a - a +0 robe (worn)
 l - a +0 pair of orcish gauntlets (worn)
 v - a +0 cap
 y - a +0 mottled dragon hide
Comestibles
 c - a pear
 n - 10 sultanas
 x - a bread ration
Scrolls
 p - a scroll of magic mapping
 A - 2 scrolls of remove curse
 D - a scroll of curse weapon {unknown}
Jewellery
 u - a ring of protection from cold (left hand)
Potions
 m - 2 potions of restore abilities
 r - a potion of paralysis
 t - a potion of resistance {unknown}
 w - a potion of poison {unknown}
Books
 b - a book of Frost

   Spells                             Type                      Level
   *Freeze                            Ice                          1
   Throw Frost                        Conjuration/Ice              2
   *Ozocubu's Armour                  Charms/Ice                   3
   Throw Icicle                       Conjuration/Ice              4
   Summon Ice Beast                   Ice/Summoning                4
   *Condensation Shield               Ice                          4


   Skills:
 - Level 2.3 Short Blades
 + Level 2.8 Polearms
 + Level 4.7 Dodging
 - Level 2.1 Stealth
 - Level 2.1 Spellcasting
   Level 0.7 Conjurations
 + Level 2.1 Charms
 - Level 4.0 Ice Magic


You had one spell level left.
You knew the following spells:

 Your Spells              Type           Power        Failure   Level  Hunger
a - Freeze                Ice            ###.         11%         1    #......
b - Ozocubu's Armour      Chrm/Ice       ###.......   34%         3    ####...
c - Condensation Shield   Ice            ###.......   56%         4    #####..


Dungeon Overview and Level Annotations

Branches:
Dungeon (4/27)             Temple (1/1) D:4

Altars:
Ashenzari
Cheibriados
Elyvilon
Fedhas
Kikubaaqudgha
Makhleb
Nemelex Xobeh
Okawaru
Sif Muna
Trog
Vehumet
Xom
Yredelemnul
Zin
the Shining One

Shops:
D:4 *

Annotations:
D:4 Blork the orc, Menkaure


Innate Abilities, Weirdness & Mutations

You revert to your normal form in water.
You are very nimble and swift while swimming.
Your spells are a little harder to cast, but a little more powerful.


Message History

The orc wizard gestures wildly while chanting.
The orc wizard seems to speed up.
The orc wizard casts a spell.
You feel a wave of unholy energy pass over you.
There is an open door here.
As you close the door, it creaks loudly!
An orc wizard opens the door.
The orc wizard completely misses you.
Unknown command.
The orc wizard misses you. The orc wizard closely misses you.
The orc wizard hits you with an orcish dagger.
* * * LOW HITPOINT WARNING * * *
The orc wizard hits you but does no damage.
There is a stone staircase leading up here.
The orc wizard loudly yells encouragement to no one in particular.
The orc wizard gestures at you while chanting.
The puff of flame hits you!
One of your 2 scrolls labeled BREGIY PEOPUUFOC {tried} catches fire!
You die...

,,*** ##.o.. * ,,,* ###### ***,*
##* #..... *,*###.############
####..... ****+
#..♣...........####..'.....
,,,,,,...♣..........o.....##...##
,,,,,,..P........o♣♣♣♣♣♣♣.##.....
,,,,,,,...#.....<♣♣.♣P♣♣..##....⌠
,,,,, ,,,*#..%..@♣...♣*.♣###.....
* *******#......♣.♣♣...♣ #...##
*,,* ######..P♣*P.♣** ###... **,*
****** *##♣♣♣*♣♣♣** #... **,****
***** * ,..>#**** #...
,,,****,*****+*#### ###. ,, , *
,,,,* ,, ,, ,* **** + ,,,,,* ,, ,
*,,,,,,* *,,,,, , ,,,*** *,,,
*,,,,,* ***,, ,,


You could see an orc wizard.

Vanquished Creatures
  A worker ant (D:4)
  Ijyb (D:2)
  7 adders
  3 worms
  5 giant geckos
  2 oozes
  5 orcs
  A ball python (D:2)
  13 bats
  7 giant cockroaches
  6 hobgoblins
  3 quokkas
  4 giant newts
  13 goblins
  8 jackals (D:3)
  12 kobolds
  7 rats
98 creatures vanquished.

Notes
Turn   | Place    | Note
--------------------------------------------------------------
     0 | D:1      | MDvedh, the Merfolk Ice Elementalist, began the quest for the Orb.
     0 | D:1      | Reached XP level 1. HP: 13/13 MP: 3/3
   543 | D:1      | Reached XP level 2. HP: 10/19 MP: 2/4
   680 | D:1      | Reached skill level 4 in Ice Magic
  1166 | D:1      | Reached XP level 3. HP: 8/24 MP: 1/6
  1403 | D:1      | Learned a level 3 spell: Ozocubu's Armour
  2135 | D:2      | Reached skill level 1 in Short Blades
  2157 | D:2      | Reached XP level 4. HP: 25/30 MP: 4/8
  2214 | D:2      | Noticed Ijyb
  2415 | D:2      | Killed Ijyb
  3153 | D:3      | Reached XP level 5. HP: 33/35 MP: 6/9
  3398 | D:3      | Reached skill level 1 in Charms
  3409 | D:3      | Learned a level 4 spell: Condensation Shield
  3549 | D:3      | Reached skill level 1 in Polearms
  4500 | D:4      | Noticed Menkaure
  4627 | D:4      | Found a staircase to the Ecumenical Temple.
  4646 | Temple   | Entered the Ecumenical Temple
  4686 | Temple   | Became a worshipper of Warmaster Okawaru
  4737 | D:4      | Reached XP level 6. HP: 25/41 MP: 7/11
  5005 | D:4      | Found Atoila's General Store.
  5020 | D:4      | Bought a scroll of identify for 24 gold pieces
  5020 | D:4      | Bought a scroll of identify for 24 gold pieces
  5020 | D:4      | Bought a potion of restore abilities for 36 gold pieces
  5023 | D:4      | Gained mutation: Your spells are a little harder to cast, but a little more powerful. [potion of beneficial mutation]
  5053 | D:4      | Noticed Blork the orc
  5084 | D:4      | HP: 1/41 [orc wizard/magic dart (10)]
  5093 | D:4      | HP: 1/41 [orc wizard/puff of frost (4)]
  5117 | D:4      | HP: 2/41 [orc wizard/orcish dagger (2)]
  5119 | D:4      | Killed from afar by an orc wizard

Action                   |  1- 3 |  4- 6 || total
-------------------------+-------+-------++-------
Melee: Short sword       |    70 |    65 ||   135
       Unarmed           |     5 |       ||     5
       Trident           |       |   204 ||   204
Throw: Hand axe          |     5 |     1 ||     6
       Stone             |     5 |     3 ||     8
 Cast: Freeze            |    41 |    30 ||    71
       Ozocubu's Armour  |     1 |     7 ||     8
  Use: Scroll            |     3 |    10 ||    13
       Potion            |       |     4 ||     4
 Stab: Sleeping          |       |     8 ||     8
